 Dungeon Crawl Stone Soup version 0.20.1-1-g8b1a95d (webtiles) character file.

786 appiemonkey the Shield-Bearer (level 8, -10/61 HPs)
             Began as a Formicid Fighter on Oct 18, 2017.
             Killed by divine providence
             ... invoked by an orc priest
              (13 damage)
             ... on level 4 of the Dungeon.
             The game lasted 00:07:48 (3156 turns).

appiemonkey the Shield-Bearer (Formicid Fighter)    Turns: 3156, Time: 00:07:48

Health: -10/61     AC: 11    Str: 25    XL:     8   Next: 11%
Magic:  8/8        EV: 10    Int:  8    God:
Gold:   224        SH: 10    Dex: 10    Spells: 7/7 levels left

rFire    . . .     SeeInvis +   s - +0 hand axe (freeze)
rCold    + . .     Gourm    .   c - +0 shield
rNeg     . . .     Faith    .   o - +0 chain mail
rPois    .         Spirit   .   (helmet unavailable)
rElec    .         Reflect  .   w - +0 cloak
rCorr    .         Harm     +   (no gloves)
MR       .....     Clarity  +   (no boots)
Stlth    ..........             v - amulet of harm
Regen    0.2/turn               (no ring)
MPRegen  0.2/turn               (no ring)

@: no status effects
A: permanent stasis, dig shafts and tunnels, four strong arms, antennae 3,
repulsion field 1, clarity, cold resistance 1, strong 1
a: Dig, Shaft Self


You were on level 4 of the Dungeon.
You were hungry.

You visited 1 branch of the dungeon, and saw 4 of its levels.

You collected 224 gold pieces.

Inventory:

Hand Weapons
 a - a +0 war axe
 s - a +0 hand axe of freezing (weapon)
Armour
 b - a +0 scale mail
 c - a +0 shield (worn)
 o - a +0 chain mail (worn)
 w - a +0 cloak (worn)
Jewellery
 r - an uncursed amulet of magic regeneration
 v - an amulet of harm (around neck)
Scrolls
 e - 2 scrolls of immolation {unknown}
 g - 5 scrolls of identify {unknown}
 i - a scroll of enchant armour {unknown}
 j - 3 scrolls of remove curse {unknown}
 p - a scroll of noise {unknown}
 q - a scroll of amnesia {unknown}
 t - a scroll of blinking {unknown}
 u - 2 scrolls of fear {unknown}
 x - 2 scrolls of teleportation {unknown}
 z - 3 scrolls of fog {unknown}
Potions
 d - a potion of might
 l - a potion of curing {unknown}
 n - a potion of agility
 A - a potion of ambrosia {unknown}
Books
 y - the Handbook of Boosting Conjuration
   (You found it on level 4 of the Dungeon)

   Spells                             Type                      Level
   a - Shock                          Conjuration/Air              1
   b - Fireball                       Conjuration/Fire             5
   c - Deflect Missiles               Charms/Air                   6
   d - Ring of Flames                 Charms/Fire                  7
Comestibles
 f - 3 bread rations
 h - 3 royal jellies
 k - a meat ration


   Skills:
 + Level 4.6 Fighting
 + Level 5.7 Axes
 + Level 4.9 Armour
 + Level 1.6 Dodging
 + Level 0.6 Stealth
 + Level 6.1 Shields


You had 7 spell levels left.
You didn't know any spells.

Dungeon Overview and Level Annotations

Branches:
Dungeon (4/15)
 Temple: D:4-7

Altars:


Innate Abilities, Weirdness & Mutations

You cannot be hasted, slowed, berserked, paralysed or teleported.
You can dig through walls and to a lower floor.
Your four strong arms can wield two-handed weapons with a shield.
You have a pair of large antennae on your head. (SInv)
You are surrounded by a mild repulsion field. (EV +2)
You possess an exceptional clarity of mind.
Your flesh is cold resistant. (rC+)
Your muscles are strong. (Str +2)


Message History

The orc priest shouts!
The orc priest casts a cantrip, but nothing happens.
An orc priest and an orc wizard come into view.
The orc wizard shouts!
The orc priest shouts!
The orc priest mumbles some strange prayers to Beogh against you.
Pain shoots through your body!
The orc priest invokes the aid of Beogh against you.
Beogh smites you!
* * * LOW HITPOINT WARNING * * *
An orc comes into view. It is wielding a short sword.
The orc shouts!
The orc wizard gestures wildly while chanting.
The orc wizard blinks!
Found 12 gold pieces.
It was a potion of mutation.
You feel extremely strange.
You begin to radiate repulsive energy.
Your thoughts seem clearer.
You feel stronger.
You feel resistant to cold.
The orc priest calls down the wrath of Beogh upon you.
Beogh smites you!
You die...

.#.##### ##.# ....)#
#.# .###.# #.# .# ..#
####### #.# #### ...
....$.. #.## ...#
###....... #..######
##.# ....... #.......#
.......######.......#
.....oo@............#
.o.ยง...######.......#
....... #.......#
....o.. #########
....... .......
#######


You could see 3 orc priests and an orc.

Vanquished Creatures
  Pikel (D:4)
  2 slaves (D:4)
  2 scorpions (D:4)
  2 hounds (D:4)
  An orc priest (D:3)
  3 adders
  An ooze (D:3)
  An adder skeleton (D:3)
  3 worms
  3 dart slugs (D:1)
  3 leopard geckos
  8 orcs
  9 bats
  5 giant cockroaches
  5 goblins
  9 hobgoblins
  4 jackals (D:1)
  12 kobolds
  A quokka (D:2)
  5 frilled lizards
  6 rats
86 creatures vanquished.

Vanquished Creatures (others)
  A rat (D:4)
  A plant (D:2)
2 creatures vanquished.

Grand Total: 88 creatures vanquished

Notes
Turn   | Place    | Note
-------+----------+-------------------------------------------
     0 | D:1      | appiemonkey the Formicid Fighter began the quest for the Orb.
     0 | D:1      | Reached XP level 1. HP: 18/18 MP: 1/1
    36 | D:1      | Reached XP level 2. HP: 12/24 MP: 2/2
   387 | D:1      | Reached XP level 3. HP: 22/29 MP: 3/3
   744 | D:1      | Reached skill level 4 in Shields
  1297 | D:2      | Reached XP level 4. HP: 35/35 MP: 4/4
  2269 | D:3      | Reached XP level 5. HP: 34/41 MP: 5/5
  2854 | D:4      | Identified the Handbook of Boosting Conjuration
  2884 | D:4      | Reached skill level 1 in Dodging
  2884 | D:4      | Reached XP level 6. HP: 37/48 MP: 6/6
  2965 | D:4      | Noticed a slave
  2965 | D:4      | Noticed a slave
  2967 | D:4      | Noticed a slave
  2967 | D:4      | Noticed a slave
  2968 | D:4      | Noticed Pikel
  2983 | D:4      | Killed a slave
  2985 | D:4      | Killed a slave
  3022 | D:4      | Killed Pikel
  3022 | D:4      | Reached skill level 5 in Axes
  3022 | D:4      | Reached skill level 6 in Shields
  3022 | D:4      | Reached XP level 7. HP: 4/55 MP: 7/7
  3022 | D:4      | Reached XP level 8. HP: 4/61 MP: 8/8
  3154 | D:4      | HP: 3/61 [orc priest/divine providence (16)]
  3156 | D:4      | Gained mutation: You are surrounded by a mild repulsion field. (EV +2) [potion of mutation]
  3156 | D:4      | Gained mutation: You possess an exceptional clarity of mind. [potion of mutation]
  3156 | D:4      | Gained mutation: Your muscles are strong. (Str +2) [potion of mutation]
  3156 | D:4      | Gained mutation: Your flesh is cold resistant. (rC+) [potion of mutation]
  3156 | D:4      | Killed from afar by an orc priest

Skill      XL: |  1  2  3  4  5  6 |
---------------+-------------------+-----
Shields        | 4 6 |  6.1
Axes           | 3 4 5 |  5.7
Armour         | 4 |  4.9
Dodging        | 1 |  1.6
Fighting       | 4 |  4.6
Stealth        | |  0.6

Action                   |  1- 3 |  4- 6 |  7- 9 || total
-------------------------+-------+-------+-------++-------
Melee: War axe           |   128 |   120 |       ||   248
       Hand axe          |       |   111 |       ||   111
  Use: Potion            |       |     1 |     1 ||     2
  Eat: Chunk             |     2 |     5 |       ||     7
Armor: Scale mail        |    62 |    12 |       ||    74
       Chain mail        |       |    87 |       ||    87
Dodge: Dodged            |    54 |    62 |       ||   116
Block: Shield            |    79 |   137 |       ||   216
